 Dungeon Crawl Stone Soup version 0.24.1-8-ga250c9d538 (webtiles) character file.

Game seed: 7787436582931566015, levelgen mode: deterministic

40 Peloso the Skirmisher (level 3, 12/29 HPs)
             Began as a Demonspawn Fighter on May 1, 2020.
             Got out of the dungeon alive.
             The game lasted 00:01:51 (941 turns).

Peloso the Skirmisher (Demonspawn Fighter)           Turns: 941, Time: 00:01:52

Health: 12/29      AC: 11    Str: 17    XL:     3   Next: 30%
Magic:  3/3        EV:  7    Int:  9    God:
Gold:   88         SH:  9    Dex: 12    Spells: 2/2 levels left

rFire    . . .     SeeInvis .   a - +0 long sword
rCold    . . .     Gourm    .   c - +0 shield
rNeg     . . .     Faith    .   b - +0 scale mail
rPois    .         Spirit   .   (helmet restricted)
rElec    .         Reflect  .   (no cloak)
rCorr    .         Harm     .   m - +2 pair of gloves
MR       .....                  (no boots)
Stlth    ..........             (no amulet)
HPRegen  0.09/turn              (no ring)
MPRegen  0.08/turn              (no ring)

@: no status effects
A: horns 1, yellow scales 1
a: no special abilities


You escaped.
You were not hungry.

You visited 1 branch of the dungeon, and saw 2 of its levels.

You collected 88 gold pieces.

Inventory:

Hand Weapons
 a - a +0 long sword (weapon)
Armour
 b - a +0 scale mail (worn)
 c - a +0 shield (worn)
 m - a +2 pair of gloves (worn)
Scrolls
 i - a scroll of enchant weapon {unknown}
 j - a scroll of identify {unknown}
 k - a scroll of amnesia {unknown}
 l - a scroll of immolation {unknown}
Potions
 d - 2 potions of might
 e - a potion of haste {unknown}
 g - a potion of heal wounds {unknown}
 h - a potion of lignification {unknown}
Comestibles
 f - 3 rations


   Skills:
 + Level 3.3 Fighting
 + Level 2.5 Long Blades
 + Level 3.0 Armour
 + Level 0.2 Dodging
 + Level 2.9 Shields


You had 2 spell levels left.
You didn't know any spells.
Your spell library was empty.

Dungeon Overview and Level Annotations

Branches:
Dungeon (2/15)

Altars:


Innate Abilities, Weirdness & Mutations

You have a pair of small horns on your head.
You are partially covered in yellow scales. (AC +2)


Message History

You kill the worm!
You see here a pair of glowing gloves.
m - a pair of glowing gloves You start putting on your armour.
You continue putting on your pair of glowing gloves. x4
You finish putting on your +2 pair of gloves.
You see here a helmet.
n - a helmet Drop what? 14/52 slots (_ for help) (? for menu, Esc to quit)
You drop a helmet.
(D) Dungeon
Where to? (Enter - D:12, ? - help)
What level of the Dungeon? (default 1, ? - help)
There is an open door here.
You see here a +0 club.
There is a dry fountain here.
There is a dry fountain here.
There is a staircase leading out of the dungeon here.
Are you sure you want to leave the Dungeon?
This will make you lose the game!
You have escaped!

.# ####.#### .#
###.......### .#
#.....⌠.....# .#
##..⌠...⌠..## .#
##.......## .#
##..⌠..## ## ##...##
####...####
#######....@....#######
#.....................#
#..⌠....⌠.....⌠....⌠..#
#.....⌠....#....⌠.....#
##..⌠..(.#####....⌠..##
##....### ###....##
##.### ###.## ### ###


There were no monsters in sight!

Vanquished Creatures
  A worm (D:1)
  2 dart slugs (D:1)
  A bat (D:1)
  2 giant cockroaches (D:1)
  5 hobgoblins (D:1)
  4 jackals (D:1)
  2 kobolds (D:1)
  3 frilled lizards (D:1)
  5 goblins (D:1)
  6 rats (D:1)
31 creatures vanquished.

Notes
Turn   | Place    | Note
-------+----------+-------------------------------------------
     0 | D:1      | Peloso the Demonspawn Fighter began the quest for the Orb.
     0 | D:1      | Reached XP level 1. HP: 18/18 MP: 1/1
    59 | D:1      | Gained mutation: You have a pair of small horns on your
                  | head. [demonic ancestry]
    59 | D:1      | Reached XP level 2. HP: 9/24 MP: 2/2
   490 | D:1      | Gained mutation: You are partially covered in yellow
                  | scales. (AC +2) [demonic ancestry]
   490 | D:1      | Reached XP level 3. HP: 25/29 MP: 3/3
   941 | D:$      | Got out of the dungeon alive.

Levels and vault maps discovered:
D:1:      dpeg_arrival_leaves_temple_mockup, layout_basic
D:2:      layout_rooms, marbit_many_paths, kennysheep_crisscross, uniq_jessica

Skill      XL: |  1  2 |
---------------+-------+-----
Long Blades    | 2 |  2.5
Armour         | 3 |  3.0
Fighting       | |  3.3
Dodging        | |  0.2
Shields        | |  2.9

Action                   || total
-------------------------++-------
Melee: Long sword        ||    85
       Headbutt          ||     9
Armor: Scale mail        ||    47
Dodge: Dodged            ||    26
Block: Shield            ||    52
       Rpst.: Long sword ||    11
